 Dungeon Crawl Stone Soup version 0.29-a0-1033-gb6c65ffae6 (webtiles) character file.

Game seed: 6288831519723989542

295527 Turgor the Marksdemonspawn (level 20, -9/181 (184) HPs)
             Began as a Demonspawn Gladiator on Aug 12, 2022.
             Was a High Priest of Qazlal.
             Mangled by an orc warlord
             ... wielding a +0 great sword of draining
              (23 damage)
             ... on level 3 of the Vaults on Aug 14, 2022.
             The game lasted 05:56:23 (44111 turns).

Turgor the Marksdemonspawn (Demonspawn Gladiator)  Turns: 44111, Time: 05:56:24

HP:   -9/181 (184)  AC: 33    Str: 16    XL:     20   Next: 6%
MP:   21/29         EV:  5    Int: 16    God:    Qazlal [*****.]
Gold: 1211          SH: 36    Dex: 20    Spells: 18/19 levels left

rFire   . . .      SeeInvis +   j - +5 broad axe (vorpal)
rCold   + + .      Faith    .   S - +2 tower shield {reflect}
rNeg    + + .      Spirit   .   J - +3 plate armour "Duopykh" {rN+}
rPois   .          Reflect  +   L - +1 helmet {SInv}
rElec   +          Harm     .   z - +1 cloak
rCorr   .          Rampage  +   H - +0 pair of gloves
Will    ++...                   u - +2 pair of boots {rampage}
Stlth   ..........              (no amulet)
HPRegen 0.40/turn               q - ring of Scepticism {Ice rElec Dex+4}
MPRegen 0.21/turn               r - ring of Lugonu's Delight {rF+ rC+ rN+ Will+}

@: protected from physical damage, hasted and slowed, lightly drained, repel
missiles
A: hooves 2, large bone plates 3, demonic guardian 3, powered by death 2, robust
1
}: 2/15 runes: serpentine, barnacled
a: Renounce Religion, Upheaval, Elemental Force, Disaster Area


You were on level 3 of the Vaults.
You worshipped Qazlal.
Qazlal was extremely pleased with you.
You visited 7 branches of the dungeon, and saw 35 of its levels.
You visited 1 bazaar.
You also visited: Ossuary.

You collected 3339 gold pieces.
You spent 2128 gold pieces at shops.

Inventory:

Hand Weapons
 h - the +5 sling "Iqotocem" {flame, rPois rC+ Dex+7}
   (You took it off a kobold brigand on level 7 of the Dungeon)

   Any ammunition fired from it burns those it strikes, dealing additional fire
   damage.
   Dex:       It affects your dexterity (+7).
   rC:        It protects you from cold.
   rPois:     It protects you from poison.
 j - a +5 vorpal broad axe (weapon)
Missiles
 d - 8 throwing nets
 A - 5 silver javelins
 I - a curare-tipped dart
Armour
 u - a +2 pair of boots of rampaging (worn)
 z - a +1 cloak (worn)
 H - a +0 pair of gloves (worn)
 J - the +3 plate armour "Duopykh" (worn) {rN+}
   (You bought it in a shop on level 2 of the Orcish Mines)

   rN:        It protects you from negative energy.
 L - a +1 helmet of see invisible (worn)
 S - a +2 tower shield of reflection (worn)
Jewellery
 q - the ring of Scepticism (left hand) {Ice rElec Dex+4}
   (You found it on level 5 of the Lair of Beasts)

   [ring of ice]

   It enhances your ice magic.
   Dex:       It affects your dexterity (+4).
   rF:        It makes you vulnerable to fire.
   rC:        It protects you from cold.
   rElec:     It insulates you from electricity.
 r - the ring of Lugonu's Delight (right hand) {rF+ rC+ rN+ Will+}
   (You found it on level 5 of the Lair of Beasts)

   [ring of willpower]

   rF:        It protects you from fire.
   rC:        It protects you from cold.
   rN:        It protects you from negative energy.
   Will:      It increases your willpower.
 D - a +4 ring of protection
 O - a ring of wizardry
 R - a +4 ring of slaying
Wands
 b - a wand of digging (6)
 g - a wand of polymorph (9)
 P - a wand of iceblast (3)
 Q - a wand of light (12)
 T - a wand of mindburst (25)
Scrolls
 f - a scroll of identify
 m - 7 scrolls of teleportation
 o - 11 scrolls of amnesia
 v - 3 scrolls of blinking
 y - 2 scrolls of poison
 C - 10 scrolls of enchant armour
 N - 2 scrolls of fear
 V - a scroll of silence
 W - a scroll of magic mapping
 X - 2 scrolls of butterflies
Potions
 c - a potion of berserk rage
 i - 5 potions of curing
 l - 2 potions of heal wounds
 n - a potion of invisibility
 s - 2 potions of haste
 t - 8 potions of flight
 x - 2 potions of cancellation
 B - 6 potions of resistance
 E - 7 potions of magic
 G - 4 potions of mutation
 K - 8 potions of brilliance
 U - 2 potions of might
Miscellaneous
 a - a phantom mirror (inert)
 e - a lightning rod (1/4)
 k - a phial of floods (inert)
 p - a box of beasts (inert) (quivered)
 w - a condenser vane (inert)
 F - a tin of tremorstones (1/2)


   Skills:
 + Level 17.5 Fighting
 - Level 0.8 Long Blades
 * Level 16.1 Axes
 - Level 18.0 Ranged Weapons
 - Level 3.0 Throwing
 - Level 15.0 Armour
 - Level 3.0 Dodging
 * Level 11.3 Shields
 + Level 13.2 Invocations
 + Level 5.1 Evocations


You had 18 spell levels left.
You knew the following spells:

 Your Spells              Type           Power      Damage    Failure   Level
a - Apportation           Tloc           0%         N/A       100%        1

Your spell library contained the following spells:

 Spells                   Type           Power      Damage    Failure   Level
 Freeze                   Ice            0%         1d3       100%        1
 Necrotise                Necr           0%         1d4       100%        1
 Slow                     Hex            0%         N/A       100%        1
 Summon Small Mammal      Summ           0%         N/A       100%        1
 Ensorcelled Hibernation  Hex/Ice        0%         N/A       100%        2
 Static Discharge         Conj/Air       0%         3-3/arc   100%        2
 Confusing Touch          Hex            0%         N/A       100%        3
 Frozen Ramparts          Ice            0%         1d1       100%        3
 Gell's Gravitas          Tloc           0%         N/A       100%        3
 Ozocubu's Armour         Ice            0%         N/A       100%        3
 Spider Form              Tmut/Pois      0%         N/A       100%        3
 Teleport Other           Tloc           0%         N/A       100%        3
 Vampiric Draining        Necr           0%         2d6       100%        3
 Anguish                  Hex/Necr       0%         N/A       100%        4
 Animate Dead             Necr           0%         N/A       100%        4
 Hailstorm                Conj/Ice       0%         3d3       100%        4
 Ice Form                 Ice/Tmut       0%         N/A       100%        4
 Summon Ice Beast         Ice/Summ       0%         N/A       100%        4
 Blade Hands              Tmut           0%         N/A       100%        5
 Borgnjor's Vile Clutch   Necr/Erth      0%         N/A       100%        5
 Irradiate                Conj/Tmut      0%         3d11      100%        5
 Lightning Bolt           Conj/Air       0%         1d11      100%        5
 Metabolic Englaciation   Hex/Ice        0%         N/A       100%        5
 Summon Forest            Summ/Tloc      0%         N/A       100%        5
 Summon Mana Viper        Hex/Summ       0%         N/A       100%        5
 Death Channel            Necr           0%         N/A       100%        6
 Dispersal                Tloc           0%         N/A       100%        6
 Simulacrum               Ice/Necr       0%         N/A       100%        6
 Summon Cactus Giant      Summ           0%         N/A       100%        6
 Dragon Form              Tmut           0%         N/A       100%        7
 Ozocubu's Refrigeration  Ice            0%         4d7       100%        7
 Maxwell's Capacitive Co  Air            0%         ∞         100%        8


Dungeon Overview and Level Annotations

Branches:
Dungeon (15/15)            Temple (0/1) D:6            Lair (5/5) D:9
 Shoals (4/4) Lair:2        Snake (4/4) Lair:3        Slime (0/5) Lair:5
    Orc (2/2) D:11            Elf (0/3) Orc:2        Vaults (3/5) D:13
 Depths (2/4) D:15        Ossuary (visited)
  Crypt: Vaults:2-3

Altars:
Ashenzari
Dithmenos
Fedhas
Hepliaklqana
Okawaru
Qazlal
Ru
Sif Muna
Trog
Vehumet
Xom
Yredelemnul
Jiyva

Shops:
D:2 :   D:6 *   Orc:2 *[(:   Snake:2 [   Snake:3 [   Snake:4 ?   Vaults:1 ?

Portals:
Hell: Depths:1 Depths:2
Abyss: Depths:2
Pandemonium: Depths:1
Ziggurat: Depths:2

Annotations:
D:7 Singing Sword
Orc:2 2 transporters, kae's ghost, journeyman MiFi


Innate Abilities, Weirdness & Mutations

You have hoof-like feet.
You are completely covered in large bone plates. (SH +8)
A powerful demonic guardian rushes to your aid.
You regenerate health from kills.
You are robust. (+10% HP)


Message History

The orc warlord hits you but does no damage.
You partially resist.
The ironbound convoker casts a spell at the boulder beetle.
The boulder beetle seems to grow stronger.
The yaktaur captain hits you!
You feel more protected from physical attacks.
The stone giant is engulfed in blazing flames.
The ettin hits you with a +0 dire flail.
The ettin hits you with a +0 dire flail!!
* * * LOW HITPOINT WARNING * * *
You feel more protected from physical attacks.
Unknown command.
Unknown command.
You hit the orc warlord but do no damage.
The orc warlord is almost dead.
You hit the ettin. You hit the sphinx but do no damage.
You hit the yaktaur captain but do no damage.
You block the sphinx's attack. x3
The orc warlord hits you but does no damage.
You partially resist. The yaktaur captain hits you!!
* * * LOW HITPOINT WARNING * * *
The ettin barely misses you. You block the ettin's attack.
Unknown command.
Unknown command.
Unknown command.
The sphinx attacks as you move away! You block the sphinx's attack.
The sphinx hits you but does no damage. You block the sphinx's attack.
The ettin attacks as you move away!
The ettin hits you with a +0 dire flail.
* * * LOW HITPOINT WARNING * * *
The ettin hits you but does no damage.
The yaktaur captain attacks as you move away!
You block the yaktaur captain's attack.
Your lorocyproca hits the ironbound convoker.
The ironbound convoker's magic leaks into the air.
The ironbound convoker hits your lorocyproca with a +0 morningstar!!
There is a stone staircase leading up, spattered with blood here.
You block the sphinx's attack. x2; The sphinx hits you but does no damage.
The orc warlord hits you with a +0 great sword of draining!!
You die...

#.........'......^.
#..~...~..#........
#....~....'........
#.....†...#........
######'''##........
##.§B##########
##Cc§p# ##§Ho2.#
##..@C.## ##...☼.##
##...§☼## ##.....##
#.....## #....##
#...## #####


You could see an orc warlord, a sphinx, a stone giant (strong), a yaktaur
captain (strong), a boulder beetle (strong), an ettin, an ironbound convoker
(ally target, magic disrupted) and a friendly lorocyproca (summoned, invisible).

Vanquished Creatures
  Bai Suzhen (Shoals:4)
  Nikola (Depths:2)
  A caustic shrike (Depths:2)
  A walking crystal tome (Depths:1)
  A walking earthen tome (Depths:1)
  The ghost of Vuzul the Warrior, an adept HuGl of Elyvilon (Shoals:1)
  A titan (Depths:1)
  2 sphinxes
  A tengu reaver (Depths:1)
  Kirke (Shoals:4)
  7 nagarajas (Snake:4)
  6 frost giants
  4 vault wardens
  An orc warlord (Orc:2)
  2 fire giants
  8 ironbound preservers
  4 very ugly things
  2 war gargoyles (Vaults:3)
  4 stone giants (Depths:1)
  An ironbound thunderhulk (Vaults:1)
  A spriggan defender (Depths:1)
  A dire elephant (Lair:5)
  A spark wasp (Depths:1)
  3 merfolk javelineers (Shoals:4)
  3 ettins
  4 blizzard demons (D:13)
  9 merfolk impalers
  A fire dragon (Depths:2)
  4 great orbs of eyes
  6 yaktaur captains
  3 ice dragons
  2 rakshasas
  A vault guard (Vaults:1)
  7 boulder beetles
  Erolcha (Orc:2)
  2 spriggan air magi
  A peacekeeper (Vaults:3)
  7 hydras
  An ogre mage (D:15)
  11 anacondas
  A two-headed ogre (shapeshifter) (Vaults:3)
  4 merfolk aquamancers
  2 catoblepae
  5 ironbound frosthearts
  12 naga warriors
  Erica (D:9)
  9 centaur warriors
  A dancing weapon (D:13)
  3 deep troll shamans (Depths:2)
  3 merfolk avatars
  An alligator snapping turtle (Shoals:4)
  7 two-headed ogres
  5 death yaks
  2 orc high priests
  A satyr (Shoals:3)
  2 spriggan berserkers
  5 tengu warriors
  11 shock serpents
  8 naga sharpshooters
  Nergalle (D:10)
  A hell knight (D:15)
  The ghost of QuickerDeath the Skirmisher, a novice DgHu (D:9)
  Amaemon (D:9)
  4 skeletal warriors (D:14)
  2 salamander mystics
  2 flayed ghosts
  The ghost of gabibbone the Magician, a novice HuHW of Gozag (D:6)
  5 naga ritualists
  Pikel (D:5)
  29 deep trolls
  A kraken simulacrum (Shoals:1)
  5 orc knights
  6 lindwurms
  A necromancer (Vaults:1)
  14 sea snakes
  7 mana vipers
  5 ironbound convokers
  5 wizards
  A deep elf pyromancer (D:15)
  28 harpies
  37 ugly things
  10 manticores
  6 orc sorcerers
  6 cyclopes
  An oklob plant (Lair:3)
  9 elephants (Lair:5)
  4 fauns (Shoals:2)
  2 moths of wrath (Shoals:1)
  11 salamanders
  33 black mambas
  13 guardian serpents
  4 water nymphs
  A merfolk siren (Shoals:3)
  The ghost of sastreii the Protected, a novice BaFi (D:5)
  10 vault sentinels
  A molten gargoyle (D:15)
  Joseph (D:7)
  15 naga magi
  An orange demon (D:9)
  A gargoyle (D:10)
  4 cane toads
  A kobold demonologist (D:13)
  12 yaktaurs
  9 komodo dragons
  7 rime drakes
  Maggie (D:7)
  2 tengu conjurers
  2 ice devils (D:13)
  22 merfolk
  7 trolls
  A polar bear (Lair:5)
  2 meliai (D:15)
  5 hornets
  Grinder (D:3)
  3 blink frogs (Lair:1)
  4 wind drakes
  8 dream sheep (Shoals:2)
  8 snapping turtles
  15 slime creatures
  A jumping spider (shapeshifter) (D:13)
  2 spriggans (Depths:2)
  7 water elementals
  2 wraiths
  44 yaks
  7 wyverns
  2 steam dragons
  Eustachio (D:5)
  Grum (D:9)
  A hog (Shoals:4)
  2 alligator snapping turtle simulacra (Shoals:1)
  4 basilisks
  2 sea snake simulacra (Shoals:1)
  2 death yak simulacra (Shoals:1)
  6 wargs
  5 vampire mosquitoes (D:10)
  61 nagas
  An acid dragon (D:10)
  9 water moccasins
  Duvessa (D:5)
  2 ice beasts
  28 orc warriors
  3 satyr simulacra (Shoals:1)
  3 sky beasts (D:7)
  A black bear (D:8)
  A black bear (shapeshifter) (D:10)
  12 ogres
  15 wolves
  8 centaurs
  A phantom (D:7)
  2 kobold brigands
  Blork the orc (D:4)
  A necrophage (D:4)
  10 bullfrogs
  An elf zombie (Ossuary)
  2 scorpions
  6 gnoll sergeants
  A faun simulacrum (Shoals:1)
  2 merfolk simulacra (Shoals:1)
  4 wights (D:9)
  Dowan (D:5)
  8 killer bees
  2 snapping turtle simulacra (Shoals:1)
  2 manticore simulacra (Shoals:1)
  5 howler monkeys
  An electric eel (Lair:2)
  A centaur zombie (Ossuary)
  A human zombie (Ossuary)
  3 hounds (D:5)
  2 jellies (D:3)
  21 orc priests
  25 orc wizards
  2 centaur simulacra
  2 mummies (Ossuary)
  8 adders
  13 gnolls
  3 ufetubi
  5 worms
  3 dart slugs
  69 orcs
  8 ball pythons
  4 bats
  5 endoplasms
  3 giant cockroaches
  9 hobgoblins
  4 iguanas
  3 jackals (D:2)
  11 kobolds
  4 quokkas
  8 frilled lizards
  7 goblins
  3 goblin zombies (Ossuary)
  11 hobgoblin zombies (Ossuary)
  4 jackal zombies (Ossuary)
  10 kobold zombies (Ossuary)
  5 orc zombies (Ossuary)
  12 rats
  A bush (Shoals:3)
1158 creatures vanquished.

Vanquished Creatures (collateral kills)
  A frost giant (Shoals:1)
  A very ugly thing (Depths:1)
  A stone giant (Depths:1)
  An ironbound preserver (Vaults:1)
  2 merfolk impalers (Shoals:4)
  A merfolk javelineer (Shoals:4)
  An ice dragon (Depths:1)
  3 anacondas
  A vault guard (Vaults:1)
  2 naga warriors
  A dancing weapon (D:12)
  A satyr (Shoals:4)
  5 naga sharpshooters
  3 deep trolls
  2 sea snakes
  A kraken simulacrum (Shoals:4)
  A wizard (D:15)
  3 harpies (Shoals:3)
  A naga ritualist (Snake:4)
  An ugly thing (Depths:1)
  A salamander (Snake:1)
  4 mana vipers
  An elephant (Lair:5)
  6 black mambas
  2 naga magi
  A guardian serpent (Snake:4)
  A cane toad (Lair:5)
  An efreet (D:15)
  A meliai (D:15)
  3 merfolk (Shoals:4)
  A slime creature (D:12)
  A wyvern (Lair:2)
  A steam dragon (D:5)
  2 yaks
  5 nagas
  A gnoll sergeant (D:5)
  A merfolk simulacrum (Shoals:1)
  A gnoll bouda (D:5)
  A centaur simulacrum (Shoals:1)
  3 gnolls (D:5)
71 creatures vanquished.

Vanquished Creatures (others)
  A tentacled monstrosity (Vaults:3)
  A fire giant (Depths:1)
  An ironbound preserver (Vaults:3)
  A yaktaur captain (Vaults:3)
  2 guardian serpents
  A freezing wraith (D:13)
  An ice devil (D:13)
  A gnoll (D:5)
  A bush (Shoals:3)
  13 fungi
  106 plants
  12 tentacles (Shoals:1)
  3 toadstools (D:4)
144 creatures vanquished.

Grand Total: 1373 creatures vanquished

Notes
Turn   | Place    | Note
-------+----------+-------------------------------------------
     0 | D:1      | Turgor the Demonspawn Gladiator began the quest for the
                  | Orb.
     0 | D:1      | Reached XP level 1. HP: 16/16 MP: 1/1
    91 | D:1      | Found a faded altar of an unknown god.
   104 | D:1      | Prayed at the altar of an unknown god.
   104 | D:1      | Became a worshipper of Qazlal Stormbringer
   104 | D:1      | Reached * piety under Qazlal
   159 | D:1      | Gained mutation: You are partially covered in large bone
                  | plates. (SH +4) [demonic ancestry]
   159 | D:1      | Reached XP level 2. HP: 19/22 MP: 2/2
  1266 | D:2      | Gained mutation: You have large cloven feet. [demonic
                  | ancestry]
  1266 | D:2      | Reached XP level 3. HP: 27/27 MP: 3/3
  1601 | D:2      | Reached ** piety under Qazlal
  1602 | D:2      | Reached skill level 1 in Armour
  1893 | D:1      | Reached XP level 4. HP: 29/34 MP: 4/4
  2045 | D:2      | Found Weritos's Book Boutique.
  2123 | D:3      | Identified the +8 arbalest of Zuvvenk {vorpal, rCorr Int-2
                  | Stlth+}
  2232 | D:3      | Noticed Grinder
  2233 | D:3      | Reached skill level 1 in Invocations
  2238 | D:3      | Killed Grinder
  2239 | D:3      | Reached XP level 5. HP: 41/41 MP: 4/6
  2239 | D:3      | Gained mutation: You have hoof-like feet. [demonic
                  | ancestry]
  2239 | D:3      | Reached XP level 6. HP: 47/47 MP: 4/7
  2373 | D:3      | Found a shadowy altar of Dithmenos.
  2837 | D:3      | Reached skill level 1 in Ranged Weapons
  2840 | D:3      | Found a shimmering altar of Xom.
  3003 | D:4      | You fall into a shaft and drop 1 floor!
  3003 | D:5      | Entered Level 5 of the Dungeon
  3013 | D:5      | Found a transporter.
  3033 | D:5      | Found an iron altar of Okawaru.
  3034 | D:5      | Noticed a troll
  3044 | D:5      | Noticed sastreii's ghost (novice BaFi)
  3050 | D:5      | Killed a troll
  3051 | D:5      | Reached skill level 2 in Ranged Weapons
  3051 | D:5      | Gained mutation: You are mostly covered in large bone
                  | plates. (SH +6) [demonic ancestry]
  3051 | D:5      | Reached XP level 7. HP: 20/53 MP: 9/9
  3263 | D:5      | Reached skill level 5 in Axes
  3280 | D:5      | Found a blossoming altar of Fedhas.
  3281 | D:5      | Found a shimmering blue altar of Sif Muna.
  3404 | D:4      | Reached *** piety under Qazlal
  3468 | D:4      | Found a radiant altar of Vehumet.
  3491 | D:4      | Found a sand-covered staircase.
  3496 | Ossuary  | Entered an ossuary
  3634 | Ossuary  | Reached **** piety under Qazlal
  3648 | Ossuary  | Reached skill level 3 in Ranged Weapons
  3648 | Ossuary  | Reached XP level 8. HP: 60/60 MP: 9/11
  3782 | D:4      | Noticed Blork the orc
  3806 | D:5      | Noticed Duvessa
  3809 | D:5      | Noticed Dowan
  3812 | D:5      | Killed Duvessa
  3814 | D:5      | Killed Dowan
  3817 | D:5      | Noticed Eustachio
  3831 | D:4      | Killed Blork the orc
  4208 | D:5      | Found a transporter.
  4232 | D:5      | Reached skill level 4 in Ranged Weapons
  4239 | D:5      | Killed Eustachio
  4240 | D:5      | Reached skill level 5 in Invocations
  4246 | D:5      | Noticed Pikel
  4253 | D:5      | Killed Pikel
  4254 | D:5      | Reached skill level 5 in Fighting
  4254 | D:5      | Reached skill level 5 in Ranged Weapons
  4254 | D:5      | Reached XP level 9. HP: 59/68 MP: 11/13
  4709 | D:6      | Found a staircase to the Ecumenical Temple.
  4775 | D:6      | Identified the +0 robe of Hospitality {rC+ rN+++ Dex-3
                  | Stlth+}
  4913 | D:6      | Found Gotyogo's Hallowed Reliquary.
  4916 | D:6      | Noticed an angel
  5081 | D:6      | Found a runed translucent door.
  5111 | D:6      | Noticed gabibbone's ghost (novice HuHW)
  5114 | D:6      | Reached skill level 6 in Ranged Weapons
  5215 | D:6      | Killed gabibbone's ghost
  5246 | D:6      | Found a hazy altar of Hepliaklqana.
  5302 | D:7      | Reached ***** piety under Qazlal
  5428 | D:7      | Reached skill level 7 in Ranged Weapons
  5428 | D:7      | Gained mutation: You are completely covered in large bone
                  | plates. (SH +8) [demonic ancestry]
  5428 | D:7      | Reached XP level 10. HP: 66/76 MP: 14/14
  5815 | D:7      | Identified the +5 sling "Iqotocem" {flame, rPois rC+ Dex+7}
  5819 | D:7      | Noticed Maggie
  5828 | D:7      | Killed Maggie
  5976 | D:7      | Noticed Joseph
  5987 | D:7      | Killed Joseph
  6131 | D:7      | Found the +7 Singing Sword {vorpal, sonic wave}
  6146 | D:7      | Reached skill level 8 in Ranged Weapons
  6533 | D:8      | Found a stormy altar of Qazlal.
  6647 | D:8      | Noticed an angel
  6680 | D:8      | Found a basalt altar of Yredelemnul.
  6774 | D:8      | Identified the +4 rapier "Weomnus" {freeze, Dex+6}
  6866 | D:9      | Found a staircase to the Lair.
  6930 | D:9      | Noticed a cyclops
  6933 | D:9      | Noticed an orange demon
  6965 | D:9      | Killed an orange demon
  6965 | D:9      | Noticed Amaemon
  6970 | D:9      | Killed Amaemon
  6971 | D:9      | Reached skill level 9 in Ranged Weapons
  6975 | D:9      | Killed a cyclops
  7021 | D:9      | Noticed a two-headed ogre
  7028 | D:9      | Noticed Grum
  7030 | D:9      | Killed a two-headed ogre
  7031 | D:9      | Gained mutation: You regenerate a little health from kills.
                  | [demonic ancestry]
  7031 | D:9      | Reached XP level 11. HP: 86/86 MP: 15/15
  7034 | D:9      | Killed Grum
  7135 | D:9      | Noticed QuickerDeath's ghost (novice DgHu)
  7165 | D:9      | Found a runed translucent gate.
  7166 | D:9      | Found a runed translucent gate.
  7167 | D:9      | Found a runed translucent gate.
  7274 | D:9      | Noticed Erica
  7279 | D:9      | Killed Erica
  7280 | D:9      | Reached skill level 10 in Ranged Weapons
  7375 | D:9      | Identified the +8 great sword "Ogianlel" {vorpal, Will-
                  | Str+3 Int+4 Dex+4}
  7382 | D:9      | Found a sacrificial altar of Ru.
  8035 | D:5      | Killed sastreii's ghost
  8227 | D:10     | Entered Level 10 of the Dungeon
  8262 | D:10     | Reached skill level 10 in Axes
  8285 | D:10     | Found a broken altar of Ashenzari.
  8285 | D:10     | Noticed a tengu warrior
  8291 | D:10     | Killed a tengu warrior
  8372 | D:10     | Reached skill level 1 in Shields
  8393 | D:10     | Found a shimmering blue altar of Sif Muna.
  8582 | D:10     | Noticed Nergalle
  8589 | D:10     | Killed Nergalle
  8589 | D:10     | Noticed a purple ugly thing
  8590 | D:10     | Reached skill level 11 in Ranged Weapons
  8599 | D:10     | Killed a purple ugly thing
  8600 | D:10     | Gained mutation: A weak demonic guardian rushes to your
                  | aid. [demonic ancestry]
  8600 | D:10     | Reached XP level 12. HP: 85/95 MP: 17/17
  9337 | D:11     | Found a staircase to the Orcish Mines.
  9731 | D:12     | Found Qap Aqos's Magic Scroll Shop.
  9738 | D:12     | Bought a scroll of butterflies for 44 gold pieces
  9738 | D:12     | Bought a scroll of immolation for 44 gold pieces
  9738 | D:12     | Bought a scroll of identify for 22 gold pieces
  9739 | D:12     | Bought a scroll of identify for 22 gold pieces
  9739 | D:12     | Bought a scroll of identify for 22 gold pieces
  9739 | D:12     | Bought a scroll of teleportation for 33 gold pieces
  9739 | D:12     | Bought a scroll of teleportation for 33 gold pieces
  9739 | D:12     | Bought a scroll of blinking for 82 gold pieces
 10067 | D:12     | Reached skill level 12 in Ranged Weapons
 10104 | D:13     | Noticed a centaur warrior
 10105 | D:13     | Noticed a two-headed ogre
 10106 | D:13     | Reached skill level 10 in Fighting
 10302 | Lair:1   | Entered Level 1 of the Lair of Beasts
 10445 | Lair:1   | Noticed a boulder beetle
 10460 | Lair:1   | Killed a boulder beetle
 10532 | Lair:1   | Noticed a seven-headed hydra
 10534 | Lair:1   | Killed a seven-headed hydra
 10535 | Lair:1   | Reached ****** piety under Qazlal
 11028 | Lair:2   | Noticed a boulder beetle
 11036 | Lair:2   | Killed a boulder beetle
 11048 | Lair:2   | Noticed a six-headed hydra
 11055 | Lair:2   | Killed a six-headed hydra
 11056 | Lair:2   | Gained mutation: A demonic guardian rushes to your aid.
                  | [demonic ancestry]
 11056 | Lair:2   | Reached XP level 13. HP: 99/104 MP: 20/20
 11060 | Lair:2   | Found a transporter.
 11065 | Lair:2   | Found a transporter.
 11072 | Lair:2   | Reached skill level 13 in Ranged Weapons
 11125 | Lair:2   | Identified the +10 spear of Debt {freeze, Drain Will++
                  | rCorr Str+2}
 11219 | Lair:2   | Reached skill level 10 in Invocations
 11798 | Lair:2   | Found a staircase to the Shoals.
 12171 | Lair:3   | Reached skill level 14 in Ranged Weapons
 12544 | Lair:3   | Found a staircase to the Snake Pit.
 13899 | Lair:5   | Entered Level 5 of the Lair of Beasts
 13961 | Lair:5   | Reached XP level 14. HP: 100/115 MP: 17/21
 13964 | Lair:5   | Reached skill level 5 in Armour
 14150 | Lair:5   | Reached skill level 15 in Ranged Weapons
 14295 | Lair:5   | Identified the ring of Scepticism {Ice rElec Dex+4}
 14302 | Lair:5   | Identified the ring of Lugonu's Delight {rF+ rC+ rN+ Will+}
 14346 | Lair:5   | Found a staircase to the Slime Pits.
 14347 | Lair:5   | Found a viscous altar of Jiyva.
 14663 | D:9      | Killed QuickerDeath's ghost
 14748 | Orc:1    | Entered Level 1 of the Orcish Mines
 15168 | Orc:2    | Entered Level 2 of the Orcish Mines
 15178 | Orc:2    | Noticed Erolcha
 15181 | Orc:2    | Killed Erolcha
 15259 | Orc:2    | Noticed an orc warlord
 15271 | Orc:2    | Killed an orc warlord
 15351 | Orc:2    | Found Xiedui's General Store.
 15513 | Orc:2    | Found Ifaego's Antique Weapon Shoppe.
 15565 | Orc:2    | Found Xaumoeh's Antique Armour Shoppe.
 15577 | Orc:2    | Found a staircase to the Elven Halls.
 15582 | Orc:2    | Found Zunih's Book Shoppe.
 15605 | Orc:2    | Bought an encrusted buckler for 247 gold pieces
 15605 | Orc:2    | Identified the +2 buckler of the Farmer {-Cast *Slow rElec
                  | Str+8} (You bought it in a shop on level 2 of the Orcish
                  | Mines)
 15709 | Orc:2    | Found a transporter.
 15712 | Orc:2    | Noticed kae's ghost (journeyman MiFi)
 15985 | Orc:2    | Found a transporter.
 16166 | Orc:2    | Bought a cloak for 117 gold pieces
 16766 | D:13     | Found a gate to the Vaults.
 17445 | D:13     | Found the +8 frozen axe "Frostbite" {freezing cloud, *Noise
                  | Fly rC+}
 17652 | D:14     | Reached XP level 15. HP: 123/123 MP: 22/22
 17744 | Orc:2    | Bought a brightly glowing plate armour for 728 gold pieces
 17744 | Orc:2    | Identified the +3 plate armour "Duopykh" {rN+} (You bought
                  | it in a shop on level 2 of the Orcish Mines)
 17918 | Shoals:1 | Entered Level 1 of the Shoals
 18073 | Shoals:1 | Found a transporter.
 18122 | Shoals:1 | Found a runed translucent gate.
 18123 | Shoals:1 | Found a runed translucent gate.
 18124 | Shoals:1 | Found a runed translucent gate.
 18124 | Shoals:1 | Noticed a frost giant
 18166 | Shoals:1 | Noticed a frost giant
 18418 | Shoals:1 | Found a transporter.
 18418 | Shoals:1 | Noticed Vuzul's ghost (adept HuGl)
 18419 | Shoals:1 | Found a bloodstained altar of Trog.
 18649 | Shoals:2 | Reached skill level 16 in Ranged Weapons
 18822 | Shoals:2 | Identified the +3 leather armour of Leaves {Contam rN++
                  | Regen+}
 19682 | Shoals:3 | Reached skill level 5 in Shields
 20325 | Shoals:3 | Learned a level 1 spell: Apportation
 20584 | Shoals:3 | Identified the +0 animal skin of Compression {rF+}
 20667 | Shoals:4 | Entered Level 4 of the Shoals
 20883 | Shoals:4 | Noticed Bai Suzhen
 20905 | Shoals:4 | Killed Bai Suzhen
 21011 | Shoals:4 | Reached skill level 10 in Armour
 21196 | Shoals:4 | Noticed Kirke
 21201 | Shoals:4 | Killed Kirke
 21493 | Shoals:4 | Gained mutation: A powerful demonic guardian rushes to your
                  | aid. [demonic ancestry]
 21493 | Shoals:4 | Reached XP level 16. HP: 54/132 MP: 19/24
 22898 | Shoals:4 | Got a barnacled rune of Zot
 23265 | Shoals:1 | Killed Vuzul's ghost
 24255 | Snake:1  | Entered Level 1 of the Snake Pit
 24915 | Snake:1  | Reached skill level 17 in Ranged Weapons
 26134 | Snake:2  | Found Tefonk's Armour Shoppe.
 26421 | Snake:2  | Reached XP level 17. HP: 52/140 MP: 15/26
 26619 | Snake:2  | Reached skill level 15 in Fighting
 27452 | Snake:3  | Found Efaass's Armour Shop.
 28644 | Snake:3  | Upgraded the game from 0.29-a0-1027-gcd8c55af63 to
                  | 0.29-a0-1033-gb6c65ffae6
 28645 | Snake:4  | Entered Level 4 of the Snake Pit
 29067 | Snake:4  | Found Gauh's Magic Scroll Shoppe.
 29634 | Snake:4  | Found a sacrificial altar of Ru.
 30949 | Snake:4  | Reached skill level 18 in Ranged Weapons
 31778 | Snake:4  | Reached XP level 18. HP: 58/151 MP: 14/27
 32132 | Snake:4  | Reached skill level 15 in Armour
 32147 | Snake:4  | Got a serpentine rune of Zot
 32222 | Snake:4  | Bought a scroll of enchant armour for 157 gold pieces
 32222 | Snake:4  | Bought a scroll of teleportation for 63 gold pieces
 32827 | Vaults:1 | Entered Level 1 of the Vaults
 32939 | Vaults:1 | Found Vastened's Magic Scroll Boutique.
 33166 | Vaults:1 | Paralysed by a sphinx for 2 turns
 35461 | D:15     | Entered Level 15 of the Dungeon
 36252 | D:15     | Found a staircase to the Depths.
 37298 | Depths:1 | Entered Level 1 of the Depths
 37752 | Depths:1 | Gained mutation: You regenerate health from kills. [demonic
                  | ancestry]
 37752 | Depths:1 | Reached XP level 19. HP: 76/159 MP: 28/28
 37755 | Depths:1 | Reached skill level 1 in Evocations
 38486 | Depths:1 | Found a one-way gate leading to the halls of Pandemonium.
 39531 | Depths:1 | Found a gateway to Hell.
 40306 | Depths:2 | Found a flickering gateway to a bazaar.
 40665 | Bazaar   | Entered a bazaar
 40737 | Bazaar   | Found Xysifoin's Assorted Antiques.
 40764 | Bazaar   | Found Imija's Distillery.
 40801 | Bazaar   | Bought a potion of curing for 42 gold pieces
 40801 | Bazaar   | Bought a potion of haste for 140 gold pieces
 40801 | Bazaar   | Bought a potion of curing for 42 gold pieces
 40801 | Bazaar   | Bought a potion of curing for 42 gold pieces
 40826 | Bazaar   | Bought a shiny helmet for 120 gold pieces
 40826 | Bazaar   | Bought a potion of cancellation for 128 gold pieces
 41172 | Depths:2 | Found a one-way gateway to a ziggurat.
 41253 | Depths:2 | Reached skill level 10 in Shields
 41293 | Depths:2 | Noticed Nikola
 41647 | Depths:2 | Killed Nikola
 41854 | Depths:2 | Found a one-way gate to the infinite horrors of the Abyss.
 41863 | Depths:2 | Noticed a juggernaut
 41863 | Depths:2 | Noticed a caustic shrike
 41877 | Depths:2 | Killed a caustic shrike
 42292 | Vaults:2 | Reached skill level 15 in Axes
 42976 | Vaults:2 | Paralysed by a great orb of eyes for 5 turns
 44068 | Vaults:3 | Reached skill level 5 in Evocations
 44070 | Vaults:3 | Gained mutation: You are robust. (+10% HP) [demonic
                  | ancestry]
 44070 | Vaults:3 | Reached XP level 20. HP: 110/184 MP: 12/29
 44104 | Vaults:3 | Paralysed by a sphinx for 4 turns
 44111 | Vaults:3 | Mangled by an orc warlord

Illustrated notes

Levels and vault maps discovered:
D:1:      psy_arrival_conway, layout_basic,
          hellmonk_ecumenical_altar_pennies_from_heaven
D:2:      layout_rooms, serial_shops, nicolae_shop_trees
D:3:      layout_basic, dk_xom_monty_hall, general_overflow_altar,
          mainiacjoe_overflow_brackets, serial_glass, glass_columns_c,
          glass_columns_a, due_unseen_surprise, feat_on_display,
          minmay_strange_pillars, feat_on_display, hangedman_decor_push,
          grunt_ministairs_11, minmay_misc_feat_enclosed, uniq_grinder
D:4:      layout_rooms, mainiacjoe_overflow_concentric_impassable,
          enter_ossuary_2, minmay_gold_behind_fungi,
          nicolae_elevator_lobby_asterisk, uniq_blork_the_orc
D:5:      layout_basic, okawaru_metal_pillars_1_2,
          mainiacjoe_overflow_catwalk_spiral, gammafunk_ghost_gnarly_gnolls,
          lexackson_kobold_supper, uniq_eustachio, uniq_pikel, uniq_duvessa
D:6:      layout_cave_pools, kennysheep_mini_moat, minmay_temple_entry_mist,
          ebering_ghost_sewer_d, serial_column_ruins,
          column_ruins_columns_corner, column_ruins_corridor_straight,
          column_ruins_columns_straight, minmay_misc_feat_chi, nicolae_good_shop
D:7:      layout_basic, chequers_jeans, nrook_uturn, sword_in_stone,
          uniq_maggie, uniq_joseph
D:8:      layout_loops_ring, grunt_temple_overflow_holy_war,
          nicolae_qazlal_scattered_showers
D:9:      layout_stronghold, lemuel_round_altar, erik_lair_orcish_takeover,
          gammafunk_ghost_split, uniq_grum, uniq_amaemon, uniq_erica
D:10:     layout_loops_corners, hangedman_feature_mirror, pond, uniq_nergalle
D:11:     layout_big_octagon, minmay_orc_entry_temple_small
D:12:     layout_basic, serial_shops, nicolae_shop_behind_doors
D:13:     layout_gridville, erik_vaults_1, hellmonk_guarded_unrand_frostbite
D:14:     layout_irregular_city, minmay_fountain_box,
          chequers_serial_rivers_micro_c
D:15:     hangedman_depths_entry_civil_slaughter, layout_basic,
          kennysheep_flooded_box
Lair:1:   layout_roguey
Lair:2:   gammafunk_boulding_lane, layout_regular_city, minmay_shoals_entry_hut,
          minivault_19, infiniplex_staircase_pool, serial_bayou_shore_a
Lair:3:   layout_layer_cave, guppyfry_snake_entry_garden
Lair:4:   layout_misc_corridors
Lair:5:   gammafunk_lair_ancient_temple, layout_loops_ring, slime_entry_1
Shoals:1: layout_shoals, gammafunk_ghost_wrathful_warriors,
          nicolae_shoals_beach_cooler
Shoals:2: layout_shoals
Shoals:3: argonaut_golden_fleece, layout_shoals
Shoals:4: shoals_end_grunt_ice, layout_shoals, uniq_kirke, uniq_bai_suzhen
Snake:1:  layout_rooms
Snake:2:  layout_onion_interference, serial_shops, shop
Snake:3:  nicolae_snake_unarmed_stairs_patrol, layout_cave_town, serial_shops,
          shop, lemuel_fruit_tree
Snake:4:  grunt_snake_rune_pools, layout_cave_town, serial_shops,
          nicolae_shop_hallway_plus, basic_altar,
          nicolae_snake_gridmaze_squiggle
Orc:1:    layout_caves, minmay_orc_temple_c
Orc:2:    grunt_orc_cross, layout_caves, gammafunk_ghost_stat_death,
          basic_altar, lightli_orcish_oven, uniq_erolcha
Vaults:1: vaults_room_grunt_arrival_ludios, v_rooms_6, st_smaller_cells,
          vaults_room_door_hall, v_misc_24, grunt_vaults_funnel,
          layout_vaults_maze_snakey, serial_shops, nicolae_shop_hallway_plus
Vaults:2: infiniplex_enter_wizlab_glasses, nicolae_vaults_alarming,
          vaults_room_grid, nicolae_vaults_rhombus_7, hangedman_vaults_maws,
          vaults_mumra_hexcomb, v_pattern_2, layout_vaults_big_room
Vaults:3: ebering_ghost_gozag, ontoclasm_vaults_gateway, v_misc_3,
          hangedman_vaults_stagger, hangedman_vaults_locks,
          dpeg_vaults_pockets_of_resistance, vaults_standard_mumra_x, v_misc_12,
          nicolae_vaults_ring_of_whatevers, grunt_vaults_diagonal,
          ontoclasm_vaults_hangar, v_rooms_4, nicolae_vaults_diagonal_hallway_8,
          nicolae_vaults_hallways_thing, layout_vaults_omnibox
Depths:1: layout_honeycomb, hell_entry, nicolae_concentric_dashed_squares_mild,
          grunt_pan_entry_spiral, minmay_evil_grid,
          roderic_lattice_octagonal_star
Depths:2: minmay_box_of_curves, layout_basic, enter_ziggurat_a,
          nicolae_twisting_strands, rand_demon_pan_entry_1, abyss_entry,
          hell_entry, serial_shops, bzr_entry_water, patterned_corridor,
          infiniplex_staircase_squiggle, uniq_nikola

Skill      XL: |  1  2  3  4  5  6  7  8  9 10 11 12 13 14 15 16 17 18 19 |
---------------+----------------------------------------------------------+-----
Throwing       | 2 3 |  3.0
Axes           | 3 4 5 6 8 9 10 13 16 | 16.1
Dodging        | 3 |  3.0
Armour         | 1 2 3 4 7 10 12 14 15 | 15.0
Invocations    | 2 3 4 5 6 7 9 10 11 12 13 | 13.2
Fighting       | 3 4 5 6 7 9 10 12 13 14 16 17 | 17.5
Ranged Weapons | 2 3 5 7 9 11 12 14 15 16 17 18 | 18.0
Shields        | 2 3 6 9 11 | 11.3
Evocations     | 5 |  5.1
Long Blades    | |  0.8

Action                   |  1- 3 |  4- 6 |  7- 9 | 10-12 | 13-15 | 16-18 | 19-21 || total
-------------------------+-------+-------+-------+-------+-------+-------+-------++-------
Melee: War axe           |   120 |    60 |   124 |    45 |    17 |       |       ||   366
       Punch             |     2 |       |     1 |       |       |       |       ||     3
       Demon whip        |       |       |       |       |     9 |    29 |       ||    38
       Kick              |       |       |       |       |       |    21 |       ||    21
       Broad axe         |       |       |       |       |       |   405 |   523 ||   928
       Sling             |       |       |       |       |       |       |     2 ||     2
 Fire: Arbalest          |       |    28 |   139 |   449 |   444 |       |       ||  1060
       Sling             |       |       |       |       |   705 |  1315 |    38 ||  2058
Throw: Stone             |     1 |       |       |       |       |       |       ||     1
       Dart              |       |       |       |     1 |       |     1 |       ||     2
       Throwing net      |       |       |       |       |     2 |     4 |     1 ||     7
       Javelin           |       |       |       |       |       |       |     1 ||     1
Invok: Elemental Force   |       |       |       |     1 |     2 |    10 |       ||    13
       Upheaval          |       |       |       |       |    10 |    14 |     1 ||    25
       Disaster Area     |       |       |       |       |     2 |     3 |     2 ||     7
Evoke: Wand              |       |     3 |     3 |     5 |     6 |    15 |     8 ||    40
       Phial of floods   |       |       |       |       |     2 |     3 |     2 ||     7
       Lightning rod     |       |       |       |       |       |     8 |     7 ||    15
       Phantom mirror    |       |       |       |       |       |     1 |     2 ||     3
       Condenser vane    |       |       |       |       |       |       |     2 ||     2
       Box of beasts     |       |       |       |       |       |       |     2 ||     2
       Tin of tremorston |       |       |       |       |       |       |     1 ||     1
  Use: Scroll            |       |     4 |     9 |    10 |     7 |    24 |     9 ||    63
       Potion            |       |     1 |     2 |     3 |     4 |    15 |     4 ||    29
 Stab: Invisible         |       |       |     2 |       |     2 |     3 |     3 ||    10
Armor: Leather armour    |    23 |    16 |       |       |       |       |       ||    39
       Troll leather arm |       |       |    31 |    50 |    41 |       |       ||   122
       Skin              |       |       |     9 |       |       |       |       ||     9
       Plate armour      |       |       |       |       |   143 |   462 |   326 ||   931
Dodge: Dodged            |    55 |    43 |    63 |    94 |   141 |   234 |    63 ||   693
       Repelled          |       |       |     2 |     2 |    12 |    31 |       ||    47
Block: Other             |    33 |    28 |    71 |   224 |   155 |       |       ||   511
       Buckler           |       |       |       |       |   500 |  1026 |       ||  1526
       Tower shield      |       |       |       |       |       |   559 |   881 ||  1440
       Reflection        |       |       |       |       |       |    38 |    19 ||    57

Table legend: (Time is in decaauts)
 A = Elapsed time spent in this place.
 B = Non-inter-level travel time spent in this place.
 C = Inter-level travel time spent in this place.
 D = Time resting spent in this place.
 E = Time spent auto-exploring this place.
 F = Levels seen in this place.
 G = Mean time per level.
                   A        B        C        D        E       F      G
               +--------+--------+--------+--------+--------+-----+--------+
         Total |  45552 |  42374 |   3178 |  10876 |  20013 |  37 | 1231.1 |
       Dungeon |  15827 |  14341 |   1486 |   2218 |   8219 |  15 | 1055.1 |
          Lair |   5869 |   5214 |    655 |   1116 |   3133 |   5 | 1173.8 |
        Shoals |   6706 |   6334 |    372 |   1760 |   3048 |   4 | 1676.5 |
     Snake Pit |   7062 |   6869 |    193 |   2702 |   1701 |   4 | 1765.5 |
  Orcish Mines |   1609 |   1419 |    190 |      0 |    980 |   2 |  804.5 |
        Vaults |   3754 |   3573 |    181 |   1461 |   1126 |   3 | 1251.3 |
        Depths |   4228 |   4130 |     98 |   1614 |   1717 |   2 | 2114.0 |
        Bazaar |    182 |    182 |      0 |      0 |      0 |   1 |  182.0 |
       Ossuary |    313 |    313 |      0 |      2 |     89 |   1 |  313.0 |
               +--------+--------+--------+--------+--------+-----+--------+

Top non-repeatable levels by time:
Depths:1: 3385 daAuts
 Snake:4: 2839 daAuts
  Lair:3: 2496 daAuts
Vaults:1: 2437 daAuts
    D:15: 2206 daAuts
 Snake:3: 2185 daAuts
Shoals:3: 2174 daAuts
Shoals:1: 1772 daAuts
 Snake:1: 1603 daAuts
Shoals:4: 1579 daAuts
    D:13: 1540 daAuts
     D:9: 1384 daAuts
     D:1: 1333 daAuts
Shoals:2: 1180 daAuts
Vaults:2: 1170 daAuts
